 Dungeon Crawl Stone Soup version 0.30.0-19-g36f170ea60 (webtiles) character file.

Game seed: 1180807413749489830

596 Peloso the Covered (level 7, 0/61 HPs)
             Began as a Minotaur Fighter on May 31, 2023.
             Was a Follower of Okawaru.
             Slain by a wyvern (6 damage)
             ... on level 4 of the Dungeon.
             The game lasted 00:06:26 (3508 turns).

Peloso the Covered (Minotaur Fighter)               Turns: 3508, Time: 00:06:26

Health: 0/61       AC: 10    Str: 27    XL:     7   Next: 17%
Magic:  4/6        EV:  9    Int:  5    God:    Okawaru [*.....]
Gold:   192        SH:  5    Dex: 11    Spells: 6/6 levels left

rFire   . . .        a - +1 long sword
rCold   . . .        d - +0 buckler
rNeg    + . .        c - +0 chain mail
rPois   .            (helmet restricted)
rElec   .            (no cloak)
rCorr   .            (no gloves)
SInv    .            (no boots)
Will    .....        (no amulet) Stlth
                     o - +6 ring of strength
HPRegen 0.30/turn    p - ring of positive energy
MPRegen 0.10/turn

%: no passive effects
@: no status effects
A: horns 2, retaliatory headbutt
a: Renounce Religion, Heroism


You were on level 4 of the Dungeon.
You worshipped Okawaru.
Okawaru was aware of your devotion.
You visited 1 branch of the dungeon, and saw 5 of its levels.

You collected 192 gold pieces.

Inventory:

Hand Weapons
 a - a +1 long sword (weapon)
 b - a +2 short sword of flaming
Armour
 c - a +0 chain mail (worn)
 d - a +0 buckler (worn)
Jewellery
 o - a +6 ring of strength (left hand)
 p - a ring of positive energy (right hand)
Wands
 s - a wand of roots (11)
Scrolls
 f - a scroll of teleportation
 g - a scroll of immolation {unknown}
 h - a scroll of amnesia {unknown}
 j - a scroll of silence {unknown}
 k - a scroll of torment {unknown}
 l - a scroll of magic mapping {unknown}
 m - a scroll of identify
 n - a scroll of summoning {unknown}
Potions
 e - 2 potions of might
 i - a potion of curing
 q - 2 potions of flight


   Skills:
 + Level 5.1 Fighting
 + Level 5.9 Long Blades
 + Level 6.0 Armour
 + Level 2.4 Dodging
 + Level 0.2 Stealth
 + Level 4.7 Shields


You had 6 spell levels left.
You didn't know any spells.
Your spell library contained the following spells:

 Spells                   Type           Power      Damage    Failure   Level
 Magic Dart               Conj           0%         1d3       95%         1
 Cigotuvi's Dreadful Rot  Necr/Pois/Air  0%         N/A       99%         2
 Ignite Poison            Fire/Tmut/Pois 0%         N/A       100%        3
 Mephitic Cloud           Conj/Pois/Air  0%         N/A       100%        3
 Freezing Cloud           Conj/Ice/Air   0%         6-21      100%        5
 Call Imp                 Summ           Unusable   N/A       N/A         2

Dungeon Overview and Level Annotations

Branches:
Dungeon (5/15)
 Temple: D:4-7

Altars:
Makhleb
Okawaru

Annotations:
D:5 Pikel


Innate Abilities, Weirdness & Mutations

You have a pair of horns on your head.
You reflexively headbutt those who attack you in melee.


Message History

The yak is moderately wounded.
You block the yak's attack.
You barely miss the yak. You headbutt the yak!
The yak is severely wounded.
The yak barely misses you.
You slash the yak! Your headbutt misses the yak.
The yak is almost dead.
The yak gores you.
You hit the yak.
The yak is almost dead.
The yak closely misses you. You furiously retaliate!
You headbutt the yak!
You kill the yak!
Okawaru is honoured by your kill.
You can now gain great but temporary skills.
Your base Fighting skill increases to level 5!
Your base Armour skill increases to level 6!
You have reached level 7!
You block the wyvern's attack.
Unknown command.
You hit the wyvern.
The wyvern is lightly wounded.
The wyvern bites you!
You hit the wyvern.
The wyvern is lightly wounded.
You block the wyvern's attack.
You closely miss the wyvern.
The wyvern is lightly wounded.
The wyvern bites you!
* * * LOW HITPOINT WARNING * * *
You hit the wyvern but do no damage. You headbutt the wyvern.
The wyvern is moderately wounded.
You feel like a meek peon again. The wyvern bites you!
* * * LOW HITPOINT WARNING * * *
The wyvern bites you but does no damage.
You slash the wyvern!
The wyvern is heavily wounded.
The wyvern closely misses you. You furiously retaliate!
You headbutt the wyvern! The wyvern bites you.
You die...

#...# #..[....##.# #...#
##.####.##.# #######...#
#.####.##.# ......#...#
#..##..##.# #####.#...#
##.##.###.#
#.......#####..##..##.#
#.......##...##r.####.#
#.......##.####l.####.#
#.......##.#..@##..##.#
###.......##.#.#.##.###.#
..........##.#.....#.#..#
.............#.#####.#.##
...#####.####........#.####
.....# #.# #..####..#<...#
...(.###.####........#.##.#
##...................#.##.#
########.####.########.##.#


You could see a wyvern and a quokka.

Vanquished Creatures
  A yak (D:4)
  An ogre (D:4)
  2 lemures (D:4)
  A phantom (D:4)
  2 jellies (D:2)
  An orc priest (D:4)
  A hound (D:4)
  A sleepcap (D:4)
  An orc wizard (D:4)
  4 adders
  A gnoll (D:1)
  An ufetubus (D:3)
  3 worms
  A dart slug (D:3)
  12 orcs
  7 endoplasms
  4 goblins
  3 hobgoblins
  3 jackals (D:2)
  3 kobolds (D:1)
  7 ball pythons
  5 bats
  2 frilled lizards (D:2)
  A rat (D:1)
68 creatures vanquished.

Notes
Turn   | Place    | Note
-------+----------+-------------------------------------------
     0 | D:1      | Peloso the Minotaur Fighter began the quest for the Orb.
     0 | D:1      | Reached XP level 1. HP: 19/19 MP: 0/0
   140 | D:1      | Found a faded altar of an unknown god.
   318 | D:1      | Reached XP level 2. HP: 13/27 MP: 1/1
   438 | D:1      | Reached skill level 4 in Armour
   867 | D:2      | Reached XP level 3. HP: 33/33 MP: 2/2
  1169 | D:2      | Reached XP level 4. HP: 2/40 MP: 3/3
  2043 | D:3      | Found a burning altar of Makhleb.
  2068 | D:3      | Found an iron altar of Okawaru.
  2229 | D:2      | Reached skill level 1 in Dodging
  2229 | D:2      | Reached XP level 5. HP: 42/47 MP: 4/4
  2365 | D:3      | Became a worshipper of Warmaster Okawaru
  2512 | D:4      | Noticed an ogre
  2519 | D:4      | Killed an ogre
  2520 | D:4      | Reached skill level 5 in Armour
  2696 | D:4      | Reached XP level 6. HP: 33/53 MP: 5/5
  3178 | D:4      | Reached * piety under Okawaru
  3179 | D:4      | Reached skill level 5 in Long Blades
  3464 | D:5      | Entered Level 5 of the Dungeon
  3465 | D:5      | Noticed a wyvern
  3465 | D:5      | Noticed Pikel
  3466 | D:5      | Noticed a yak
  3502 | D:4      | Killed a yak
  3503 | D:4      | Reached skill level 5 in Fighting
  3503 | D:4      | Reached skill level 6 in Armour
  3503 | D:4      | Reached XP level 7. HP: 41/61 MP: 3/6
  3508 | D:4      | Slain by a wyvern

Illustrated notes

Levels and vault maps discovered:
D:1:      matt_arrival_grand_opening, layout_basic,
          shapermc_ecumenical_altar_flowoftime, glass_columns_a
D:2:      layout_loops_corners
D:3:      layout_basic, okawaru_gym_becter, bloody_makhleb
D:4:      layout_basic, hex_large, st_stairs_7
D:5:      layout_basic, minmay_manual_mess, uniq_pikel

Skill      XL: |  1  2  3  4  5  6 |
---------------+-------------------+-----
Armour         | 4 5 6 |  6.0
Long Blades    | 3 4 5 |  5.9
Shields        | 4 |  4.7
Fighting       | 4 5 |  5.1
Dodging        | 1 2 |  2.4
Stealth        | |  0.2

Action                     |  1- 3 |  4- 6 |  7- 9 || total
---------------------------+-------+-------+-------++-------
  Melee: Long sword        |    71 |   129 |     5 ||   205
         Headbutt          |     8 |    26 |     1 ||    35
 Invoke: Heroism           |       |     1 |       ||     1
    Use: Scroll            |       |     4 |       ||     4
         Potion            |       |     2 |       ||     2
 Armour: Scale mail        |     1 |       |       ||     1
         Chain mail        |    28 |    89 |     1 ||   118
  Dodge: Dodged            |    22 |    80 |     1 ||   103
  Block: Buckler           |    11 |    44 |     2 ||    57
